 Dungeon Crawl Stone Soup version 0.25.1-1-g288607f5aa (webtiles) character file.

Game seed: 9041129127675031058

333 Curus the Poker (level 6, -3/51 HPs)
             Began as a Minotaur Abyssal Knight on July 28, 2020.
             Was a Believer of Lugonu.
             Slain by an ice beast (5 damage)
             ... on level 5 of the Dungeon.
             The game lasted 00:17:33 (3424 turns).

Curus the Poker (Minotaur Abyssal Knight)           Turns: 3424, Time: 00:17:34

Health: -3/51      AC:  8    Str: 17    XL:     6   Next: 27%
Magic:  8/8        EV:  7    Int:  9    God:    Lugonu [**....]
Gold:   127        SH:  0    Dex: 11    Spells: 5/5 levels left

rFire    + . .     SeeInvis .   a - +2 spear
rCold    . . .     Gourm    .   (no shield)
rNeg     . . .     Faith    +   h - +0 chain mail
rPois    +         Spirit   .   (helmet restricted)
rElec    .         Reflect  .   (no cloak)
rCorr    .         Harm     .   (no gloves)
MR       .....                  (no boots)
Stlth    ..........             k - amulet of faith
HPRegen  0.17/turn              j - ring of protection from fire
MPRegen  0.11/turn              d - ring of poison resistance

@: no status effects
A: retaliatory headbutt, horns 2
a: Depart the Abyss, Bend Space, Renounce Religion


You were on level 5 of the Dungeon.
You worshipped Lugonu.
Lugonu was pleased with you.
You were hungry.

You visited 1 branch of the dungeon, and saw 5 of its levels.
You visited the Abyss 1 time.

You collected 169 gold pieces.
You spent 42 gold pieces at shops.

Inventory:

Hand Weapons
 a - a +2 spear (weapon)
Armour
 b - a +0 leather armour
 f - a +0 scale mail
 h - a +0 chain mail (worn)
Jewellery
 d - a ring of poison resistance (right hand)
 j - a ring of protection from fire (left hand)
 k - an amulet of faith (around neck)
 m - an uncursed ring of protection from fire
Scrolls
 g - 3 scrolls of identify
 i - a scroll of remove curse
 n - a scroll of teleportation
Potions
 e - 2 potions of curing
Comestibles
 c - 15 rations


   Skills:
 - Level 3.6 Fighting
 + Level 5.9 Polearms
 - Level 2.4 Armour
 - Level 1.1 Dodging
 + Level 4.8 Invocations


You had 5 spell levels left.
You didn't know any spells.
Your spell library was empty.

Dungeon Overview and Level Annotations

Branches:
Dungeon (5/15)             Temple (0/1) D:5

Altars:

Shops:
D:4 ?

Annotations:
D:3 3 runed translucent doors, Dwachs's ghost, amateur HaHu


Innate Abilities, Weirdness & Mutations

You reflexively headbutt those who attack you in melee.
You have a pair of horns on your head.


Message History

The ice beast barely misses you.
You hit the ice beast but do no damage.
The ice beast is lightly wounded.
The ice beast hits you but does no damage.
You hit the ice beast.
The ice beast is moderately wounded.
The ice beast hits you but does no damage.
You hit the ice beast.
The ice beast is heavily wounded.
You hit the ice beast but do no damage.
The ice beast is heavily wounded.
The ice beast barely misses you. You furiously retaliate!
You headbutt the ice beast!
Your chain mail prevents you from hitting the ice beast.
Your headbutt misses the ice beast.
The ice beast is severely wounded.
The ice beast hits you.
* * * LOW HITPOINT WARNING * * *
The ice beast freezes you.
You die...

....... .......Z........
#....... .............#..
######.......
................
#............
.............!..
#............
#..%............ #.........#
#...##.......... #.......#
###.##?...[..##.
##....<..########............
#.......?...ZoY@.......
#...#...#...######..#..
#...#.⌠.#...# # #.# #...###.#
#. ...... ..# # .⌠..>.. ..#
...........# .###...###.#


You could see an ice beast, an orc and a howler monkey zombie.

Vanquished Creatures
  An ice beast (D:4)
  A phantom (D:4)
  A worker ant (D:4)
  7 adders
  An adder skeleton (D:4)
  3 worms
  3 dart slugs (D:1)
  2 leopard geckos
  2 orcs (D:3)
  3 bats
  4 giant cockroaches (D:1)
  8 goblins
  8 hobgoblins
  2 jackals (D:3)
  A ball python (D:2)
  8 frilled lizards
  7 kobolds
  5 rats
67 creatures vanquished.

Vanquished Creatures (others)
  A fungus (D:3)
  3 plants (D:3)
4 creatures vanquished.

Grand Total: 71 creatures vanquished

Notes
Turn   | Place    | Note
-------+----------+-------------------------------------------
     0 | Abyss:1  | Curus the Minotaur Abyssal Knight began the quest for the
                  | Orb.
     0 | Abyss:1  | Reached XP level 1. HP: 19/19 MP: 1/1
     7 | D:1      | Escaped the Abyss
   273 | D:1      | Reached XP level 2. HP: 26/26 MP: 2/2
   275 | D:1      | Reached skill level 3 in Polearms
   966 | D:2      | Reached XP level 3. HP: 31/31 MP: 4/4
  1250 | D:2      | Reached skill level 4 in Polearms
  1372 | D:2      | Reached ** piety under Lugonu
  1393 | D:2      | Reached XP level 4. HP: 39/39 MP: 5/5
  2068 | D:3      | Found a runed translucent gate.
  2068 | D:3      | Found a runed translucent gate.
  2068 | D:3      | Found a runed translucent gate.
  2069 | D:3      | Noticed a big kobold
  2071 | D:3      | Noticed Dwachs's ghost (amateur HaHu)
  2555 | D:4      | Found Xarghyc's Magic Scroll Shoppe.
  2577 | D:4      | Bought a scroll of teleportation for 42 gold pieces
  2598 | D:4      | Noticed a phantom
  2618 | D:4      | Killed a phantom
  2618 | D:4      | Reached skill level 5 in Polearms
  2618 | D:4      | Reached XP level 5. HP: 33/45 MP: 5/7
  3184 | D:5      | Entered Level 5 of the Dungeon
  3184 | D:5      | Noticed an ice beast
  3201 | D:4      | Killed an ice beast
  3201 | D:4      | Reached XP level 6. HP: 26/51 MP: 8/8
  3400 | D:5      | Found a staircase to the Ecumenical Temple.
  3400 | D:5      | Noticed an ice beast
  3409 | D:5      | HP: 2/51 [ice beast (13)]
  3424 | D:5      | HP: 2/51 [ice beast (3)]
  3424 | D:5      | Slain by an ice beast

Illustrated notes

Levels and vault maps discovered:
D:1:      dpeg_arrival_three_bigger_balls, layout_loops_ring
D:2:      layout_rooms, first_ration
D:3:      layout_basic, gammafunk_ghost_nasty_kobolds,
          minmay_goblin_kobold_house
D:4:      layout_basic, serial_shops, shop
D:5:      layout_rooms, minitemple, minmay_temple_entry_junction_2,
          grunt_decor_one_mirror

Skill      XL: |  1  2  3  4 |
---------------+-------------+-----
Invocations    | 2 3 4 |  4.8
Polearms       | 3 4 5 |  5.9
Fighting       | |  3.6
Armour         | |  2.4
Dodging        | |  1.1

Action                   |  1- 3 |  4- 6 || total
-------------------------+-------+-------++-------
Melee: Spear             |   110 |   152 ||   262
       Headbutt          |     8 |    19 ||    27
  Use: Potion            |     2 |     5 ||     7
       Scroll            |     3 |     1 ||     4
  Eat: Chunk             |     2 |     2 ||     4
       Ration            |       |     1 ||     1
Armor: Scale mail        |    33 |       ||    33
       Chain mail        |     4 |    60 ||    64
Dodge: Dodged            |    54 |    36 ||    90
